 Dungeon Crawl Stone Soup version 0.21.1-1-g345015f (webtiles) character file.

49 doot the Ruffian (level 3, -3/30 HPs)
             Began as a Ghoul Warper on June 4, 2018.
             Slain by an ice beast (5 damage)
             ... on level 2 of the Dungeon.
             The game lasted 00:03:59 (1437 turns).

doot the Ruffian (Ghoul Warper)                     Turns: 1437, Time: 00:04:00

Health: -3/30      AC:  4    Str: 14    XL:     3   Next: 75%
Magic:  5/5        EV: 12    Int:  8    God:
Gold:   51         SH:  0    Dex:  9    Spells: 6/6 levels left

rFire    . . .     SeeInvis .     - Unarmed
rCold    + . .     Gourm    .   (no shield)
rNeg     + + +     Faith    +   a - +0 leather armour
rPois    ∞         Spirit   .   (no helmet)
rElec    .         Reflect  .   (no cloak)
rCorr    .         Harm     .   (no gloves)
MR       .....                  i - +0 pair of boots
Stlth    +.........             p - amulet of faith
HPRegen  0.00/turn              e - ring of flight
MPRegen  0.09/turn              (no ring)

@: rotting
A: rotting body, claws 1, carnivore, cold resistance 1, negative energy
resistance 3, inhibited regeneration, torment resistance, unbreathing
a: Evoke Flight


You were on level 2 of the Dungeon.
You were not hungry.

You visited 1 branch of the dungeon, and saw 2 of its levels.

You collected 51 gold pieces.

Inventory:

Missiles
 d - 5 tomahawks of dispersal (quivered)
 n - 10 tomahawks
Armour
 a - a +0 leather armour (worn)
 i - a +0 pair of boots (worn)
Jewellery
 e - a ring of flight (left claw)
 p - an amulet of faith (around neck)
Scrolls
 c - 2 scrolls of blinking
 g - a scroll of fear {unknown}
 h - 5 scrolls of identify {unknown}
 j - 3 scrolls of remove curse {unknown}
 l - a scroll of amnesia {unknown}
 o - 2 scrolls of enchant weapon {unknown}
Potions
 m - a potion of degeneration {unknown}
Books
 b - a book of Spatial Translocations

   Spells                             Type                      Level
   a - Blink                          Translocation                2
   b - Shroud of Golubria             Charms/Translocation         2
   c - Lesser Beckoning               Translocation                3
   d - Gell's Gravitas                Translocation                3
   e - Teleport Other                 Translocation                3
   f - Passage of Golubria            Translocation                4
Comestibles
 f - 3 rations


   Skills:
 + Level 2.5 Fighting
 + Level 0.8 Throwing
 + Level 1.6 Armour
 + Level 2.1 Dodging
 + Level 0.1 Stealth
 + Level 3.1 Unarmed Combat
 + Level 2.0 Spellcasting
   Level 2.6 Translocations


You had 6 spell levels left.
You didn't know any spells.

Dungeon Overview and Level Annotations

Branches:
Dungeon (2/15)

Altars:


Innate Abilities, Weirdness & Mutations

Your body is rotting away.
You thrive on raw meat.
You are immune to poison.
You have sharp fingernails.
You are carnivorous and can eat meat at any time.
Your flesh is cold resistant. (rC+)
You are immune to negative energy. (rN+++)
You do not regenerate when monsters are visible.
You are immune to unholy pain and torment.
You can survive without breathing.


Message History

The ice beast is heavily wounded.
The ice beast hits you but does no damage.
You barely miss the ice beast.
The ice beast is heavily wounded.
The ice beast barely misses you.
You scratch the ice beast but do no damage.
The ice beast is heavily wounded.
The ice beast completely misses you.
You scratch the ice beast but do no damage.
The ice beast is heavily wounded.
The ice beast hits you.
* * * LOW HITPOINT WARNING * * *
The ice beast freezes you. You resist.
* * * LOW HITPOINT WARNING * * *
You scratch the ice beast.
The ice beast is heavily wounded.
The ice beast hits you.
* * * LOW HITPOINT WARNING * * *
The ice beast freezes you. You resist.
You die...

#.##.##...# #.##.##...#
###.........# ............#
............# ............#
########## ###.........#
#...#.....
###.####################...#.....
...............)@Y.........'[....
................########...#.....
####............# #...#.....
#............# #...#.....
#............# #...#Y...$
#............# #...#.....
#...(........# #...#.....
#............# #####.....
#............#


You could see an ice beast.

Vanquished Creatures
  An adder (D:2)
  2 leopard geckos (D:1)
  3 bats (D:1)
  3 giant cockroaches (D:1)
  5 goblins
  2 hobgoblins (D:1)
  5 jackals (D:2)
  6 kobolds
  A ball python (D:1)
  2 frilled lizards (D:1)
  4 rats (D:1)
34 creatures vanquished.

Notes
Turn   | Place    | Note
-------+----------+-------------------------------------------
     0 | D:1      | doot the Ghoul Warper began the quest for the Orb.
     0 | D:1      | Reached XP level 1. HP: 17/17 MP: 2/2
   130 | D:1      | Reached skill level 1 in Armour
   130 | D:1      | Reached XP level 2. HP: 6/24 MP: 3/3
   133 | D:1      | HP: 1/24 [goblin/dagger (1)]
   709 | D:1      | Reached XP level 3. HP: 23/30 MP: 5/5
  1151 | D:2      | Reached skill level 3 in Unarmed Combat
  1405 | D:2      | Noticed an ice beast
  1437 | D:2      | Slain by an ice beast

Skill      XL: |  1  2  3 |
---------------+----------+-----
Armour         | 1 |  1.6
Spellcasting   | 2 |  2.0
Dodging        | 2 |  2.1
Unarmed Combat | 3 |  3.1
Fighting       | |  2.5
Throwing       | |  0.8
Stealth        | |  0.1
Translocations | |  2.6

Action                   || total
-------------------------++-------
Melee: Unarmed           ||   179
  Eat: Chunk             ||     4
Armor: Leather armour    ||    64
Dodge: Dodged            ||   112
